cohdb
Replays
Latest Replays
All Replays
Popular Replays
Top Player Replays
Match Explorer
How It Works
Community
CoH3 Stats
Reddit
Sign in to upload your games and track your stats! →
Sign in with Steam
Match 43213627
Unlisted
Match 43213627
Overview
Messages
Build Orders
End
Construct Infanterie Kompanie
Pioneer Squad
Grenadier Squad
Grenadier Squad
Construct Luftwaffe Kompanie
Medical Bunker
Jäger Squad
221 Scout Car
Selects Italian Coastal Battlegroup
Selects Designate Defensive Line
Selects Rapid Fortifications
Flak 30 Anti-aircraft Gun Team
Rapid Fortifications
Support Elements
Jäger Squad
Selects Coastal Reserves
Selects Bulwark
Rapid Fortifications
MG 42 Bunker
Selects Artillery Officer
Marder III M Tank Destroyer
Kettenkrad Recon Vehicle
bigcheese
DooWop
Del
[L2P]BartonPL
0
0
Comments
sign in to comment!
No comments posted yet!